Unix NetHack Version 5.0.0-0 post-release - last build May 10 2026 23:12:36 (d1fa5d53e341ca933230fdaa984d921c805b60aa,branch:main).

Game began 2026-05-15 21:49:01, ended 2026-05-15 22:25:41.

ArrBianca, lawful female human Valkyrie

     ---    ---
  ----.-- ---.--
 --.|...| |....|
 |......| |....--
 --.--..| |.....|
  |..|--- --...--
  --.|  ----..--
   |.|  |....-|
   |.|  |.|...|
   |)----.|.%.--
   |...|..|--..|
   |--...-- --@|
   |....--   |.|        |
   |....--   |.|       .|
   |....<|   |.--   ---.|
   ---.*--   |D.-----...|
     ----   --...|....---
            |.........--
            --.....--..|
             --..---|..|
              ----  ----
ArrBianca the Fighter       St:18/04 Dx:11 Co:18 In:6 Wi:9 Ch:10  Lawful
Dlvl:10 $:43 HP:0(76) Pw:23(23) AC:6  Xp:7 T:4301 

Latest messages:
 You miss the gold dragon.
 You miss the gold dragon.
 The gold dragon bites!
 The gold dragon hits!
 The gold dragon knocks you backward with a powerful blow!
 You stagger...
 What do you want to zap? [uH or ?*] H
 In what direction? .
 You feel a bit steadier now.
 You are beginning to feel hungry.
 What do you want to eat? [nACX or ?*] ?
 This food really hits the spot!
 You stop eating the food ration.
 You hit the gold dragon!
 You miss the gold dragon.
 The gold dragon bites!
 The gold dragon hits!
 The gold dragon hits again!
 You hit the gold dragon!
 You miss the gold dragon.
 You hit the gold dragon!
 You hit the gold dragon!
 The gold dragon bites!
 The gold dragon hits!
 The gold dragon hits again!
 The gold dragon knocks you backward with a forceful blow!
 You stagger...
 What do you want to drink? [jkwzE or ?*] ?
 You feel better.
 The gold dragon breathes fire!
 The blast of fire hits you!
 Your wooden shield smoulders!
 The blast of fire bounces!
 The blast of fire hits you!
 You feel a bit steadier now.
 What do you want to eat? [nACX or ?*] X
 You consume the last bite of your meal.
 You finish eating the food ration.
 The gold dragon breathes fire!
 The blast of fire hits you!
 Your wooden shield smoulders further!
 You stop waiting.
 The blast of fire bounces!
 The blast of fire whizzes by you!
 The gold dragon breathes fire!
 The blast of fire hits you!
 Your potion of enlightenment boils and explodes!
 Your scroll of stinking cloud catches fire and burns!
 You die...
 Do you want an account of creatures vanquished? [ynaq] (y) q

Inventory:
 Coins    ('$')
  $ - 43 gold pieces
 Weapons  (')')
  e - 11 blessed +1 crossbow bolts
  f - 17 +0 darts
  R - 2 +0 darts
  b - a +0 dagger (alternate weapon; not wielded)
  Y - 7 +0 daggers (at the ready)
  S - a +0 elven dagger
  a - a +1 spear (weapon in right hand)
 Armor    ('[')
  P - an uncursed +0 helm of telepathy (being worn)
  c - an uncursed very burnt +3 small shield (being worn)
 Comestibles  ('%')
  A - an uncursed cream pie
  C - an uncursed lembas wafer
  n - an uncursed tripe ration
 Scrolls  ('?')
  K - an uncursed scroll of fire
 Potions  ('!')
  w - a blessed potion of object detection
  z - an uncursed potion of sleeping
  E - 3 uncursed potions of water
 Wands    ('/')
  u - a wand of digging (0:6)
  H - a wand of make invisible (0:4)
 Tools    ('(')
  B - a blessed crystal ball (0:2)
  l - an uncursed magic lamp (lit)
  i - an uncursed skeleton key
  T - an uncursed stethoscope
 Gems/Stones  ('*')
  p - an uncursed fluorite stone

ArrBianca the Valkyrie's attributes:

Background:
 You were a Fighter, a level 7 human Valkyrie.
 You were lawful, on a mission for Tyr
 who was opposed by Odin (neutral) and Loki (chaotic).
 You were right-handed.
 You were in the Gnomish Mines, on level 10.
 You entered the dungeon 4301 turns ago.
 It was nighttime.
 You had 755 experience points, 525 more were needed to attain level 8.

Basics:
 You had 0 out of 76 hit points.
 You had all 23 energy points (spell power).
 Your armor class was 6.
 Your wallet contained 43 zorkmids.
 Autopickup was on for '$?!/="+%' plus thrown, with exceptions.

Final Characteristics:
 Your strength was 18/04 (limit:18/100).
 Your dexterity was 11 (limit:18).
 Your constitution was 18 (limit:18).
 Your intelligence was 6 (limit:18).
 Your wisdom was 9 (limit:18).
 Your charisma was 10 (limit:18).

Final Status:
 You weren't hungry.
 You were unencumbered.
 You were wielding a spear.
 You were skilled in spear.

Final Attributes:
 You were piously aligned.
 You were cold resistant.
 You were telepathic.
 You were stealthy.
 You were fast.
 You are dead.

Miscellaneous:
 You didn't encounter any bones levels.
 Total elapsed playing time was 36 minutes and 40 seconds.

Major events:
 Turn
    1: ArrBianca the lawful human Valkyrie entered the dungeon
  996: attained the rank of Skirmisher (level 3)
 2263: entered the Gnomish Mines
 2493: reached Mine Town
 3026: attained the rank of Fighter (level 6)
 4301: killed by a blast of fire exhaled by a gold dragon

You didn't know any spells.

Skills:
 Fighting Skills
   bare handed combat [Unskilled]
   two weapon combat  [Unskilled]
   riding             [Unskilled]
 Weapon Skills
   dagger             [Basic]
   axe                [Unskilled]
   pick-axe           [Unskilled]
   short sword        [Unskilled]
   broadsword         [Unskilled]
   long sword         [Unskilled]
   two-handed sword   [Unskilled]
   saber              [Unskilled]
   hammer             [Unskilled]
   quarterstaff       [Unskilled]
   polearms           [Unskilled]
   spear              [Skilled]
   trident            [Unskilled]
   lance              [Unskilled]
   sling              [Unskilled]
 Spellcasting Skills
   attack spells      [Unskilled]
   escape spells      [Unskilled]

Voluntary challenges:
 Character rerolling was not enabled.
 You never had a pet.
 You never genocided any monsters.
 You never polymorphed an object.
 You never changed form.
 You used no wishes.
Achievements:
 You entered a shop.
 You attained the rank of Skirmisher.
 You entered the Gnomish Mines.
 You entered Minetown.
 You entered a temple.
 You attained the rank of Fighter.

 The Dungeons of Doom: levels 1 to 4
    Level 1:
       A fountain.
    Level 2:
       An armor shop.
    Level 3:
       A general store, an altar, a fountain.
    Level 4:
       Some fountains.
       Stairs down to The Gnomish Mines.
 The Gnomish Mines: levels 5 to 10
    Level 5:
    Level 7:
       Many shops, a temple and an altar, some fountains, some trees.
    Level 8:
    Level 9:
    Level 10: <- You were here.
       Final resting place for
          you, killed by a blast of fire exhaled by a gold dragon.


Vanquished creatures:
  a giant beetle
  a wolf
  a Green-elf
  a lizard
  a raven
  2 fire ants
  a rock piercer
  8 gnome leaders
  a gnomish wizard
  a gray ooze
  a little dog
  2 floating eyes
  a rabid rat
  2 dwarf zombies
  3 wererats
 an iguana
 an acid blob
  2 coyotes
  4 manes
  a large kobold
  2 giant rats
  2 cave spiders
  a yellow mold
 28 gnomes
  a garter snake
  a gnome zombie
  2 geckos
  3 jackals
  a fox
  2 kobolds
  a goblin
  3 grid bugs
  4 lichens
  2 kobold zombies
  6 newts
95 creatures vanquished.

No species were genocided or became extinct.

Game over:
                       ----------
                      /          \
                     /    REST    \
                    /      IN      \
                   /     PEACE      \
                  /                  \
                  |    ArrBianca     |
                  |      43 Au       |
                  |   killed by a    |
                  |  blast of fire   |
                  |   exhaled by a   |
                  |   gold dragon    |
                  |       2026       |
                 *|     *  *  *      | *
        _________)/\\_//(\/(/\)/\//\/|_)_______

Farvel ArrBianca the Valkyrie...

You died in The Gnomish Mines on dungeon level 10 with 3559 points,
and 43 pieces of gold, after 4301 moves.
You were level 7 with a maximum of 76 hit points when you died.

